Description

Crisp Timings coupled with denial of scouting with a stalker hide a rapid paced charge-lot all in. Attack immediately with the first 4 zelots in the first prism.

Perfect macro on warp in timing cooldowns and an attack on their third is how to initiate.

Build a rotterdamn double prism ontop of that for mobility and duel direction attacks.

Rapidly add pylons at home as your supply explodes with this build.

Enjoy

VOD

http://www.ggtracker.com/matches/7041132

Replay - HAS 2 Base Zelot Rush All In

Build Order

Get SALT Encoding   

  12  0:02  Probe (Chrono Boost)  
  13  0:13  Probe (Chrono Boost)  
  14  0:21  Pylon  
  14  0:23  Probe (Chrono Boost)  
  15  0:39  Probe (Chrono Boost)  
  15  0:40  Gateway  
  16  0:49  Assimilator  
  17  0:50  Probe (Chrono Boost)  
  17  1:00  Probe (Chrono Boost)  
  18  1:11  Probe (Chrono Boost)  
  19  1:23  Nexus  
  19  1:32  Cybernetics Core  
  19  1:35  Probe (Chrono Boost)  
  20  1:41  Assimilator  
  20  1:46  Probe (Chrono Boost)  
  21  1:56  Pylon, Probe (Chrono Boost)  
  23  2:09  Warp Gate  
  23  2:10  Stalker  
  26  2:26  Twilight Council  Pull Probes Of Gass After 200
  28  2:44  Robotics Facility  
  35  3:23  Charge  
  35  3:26  Gateway x4  
  36  3:42  Gateway x2  
  36  3:51  Gateway x2  
  36  3:57  Warp Prism  
  38  4:10  Pylon x2  
  38  4:23  Zealot x4  
  46  4:28  Warp Prism  
  46  4:30  Pylon  
  48  4:52  Zealot x6  
Spawning Tool Build Advisor. Get it on Overwolf

Go to:

Details

  • Created by: OriginAlien
  • Published on: May 09, 2017
  • Modified on: May 09, 2017
  • Patch: 3.8.0
Show
View Real Time Build Order
Export as new Build Order

Comments (0)

There are no comments. Be the first!

Create an account to comment!